 Dungeon Crawl Stone Soup version 0.29-a0-477-g62b78b4225 (webtiles) character file.

Game seed: 15920107138782304813

14 Infinimo the Cudgeller (level 2, 22/22 HPs)
             Began as a Demonspawn Gladiator on May 24, 2022.
             Got out of the dungeon alive.
             The game lasted 00:00:27 (414 turns).

Infinimo the Cudgeller (Demonspawn Gladiator)        Turns: 414, Time: 00:00:28

Health: 22/22      AC:  4    Str: 14    XL:     2   Next: 31%
Magic:  2/2        EV: 12    Int:  9    God:
Gold:   20         SH:  0    Dex: 14    Spells: 1/1 levels left

rFire   . . .      SeeInvis .   a - +0 flail
rCold   . . .      Faith    .   (no shield)
rNeg    . . .      Spirit   .   b - +0 leather armour
rPois   .          Reflect  .   c - +0 helmet
rElec   .          Harm     .   (no cloak)
rCorr   .          Rampage  .   (no gloves)
Will    .....                   (no boots)
Stlth   +.........              (no amulet)
HPRegen 0.07/turn               (no ring)
MPRegen 0.08/turn               (no ring)

@: no status effects
A: demonic touch 1
a: no special abilities


You escaped.
You visited 1 branch of the dungeon, and saw 1 of its levels.

You collected 20 gold pieces.

Inventory:

Hand Weapons
 a - a +0 flail (weapon)
Missiles
 d - 3 throwing nets (quivered)
 e - a javelin
Armour
 b - a +0 leather armour (worn)
 c - a +0 helmet (worn)
Potions
 f - a potion of brilliance {unknown}


   Skills:
 + Level 2.2 Fighting
 * Level 3.1 Maces & Flails
 - Level 1.7 Throwing
 + Level 2.9 Dodging


You had one spell level left.
You didn't know any spells.
Your spell library was empty.

Dungeon Overview and Level Annotations

Branches:
Dungeon (1/15)

Altars:

Shops:
D:1 (


Innate Abilities, Weirdness & Mutations

Your touch may inflict minor irresistible damage on your foes.


Message History

You kill the kobold!
No target in view!
No target in view!
No target in view!
No target in view!
No target in view!
No target in view!
No target in view!
No target in view!
No target in view!
No target in view!
No target in view!
No target in view!
No target in view!
No target in view!
Things that are here:
a +0 short sword; 4 stones
There is an entrance to Zyen's Weapon Shoppe here.
You see here a +0 dagger.
A goblin is nearby!
You can't go up here!
The goblin shouts!
The kobold shouts!
You touch the goblin.
You kill the goblin!
You kill the kobold!
No target in view!
No target in view!
No target in view!
No target in view!
No target in view!
No target in view!
No target in view!
No target in view!
Things that are here:
a +0 mace; 25 stones
There is an open door here.
There is a staircase leading out of the dungeon here.
Are you sure you want to leave the Dungeon?
This will make you lose the game!
You have escaped!

# ##..#### §§§≈§≈≈#####..## #
##.### ≈≈≈.....≈≈≈# ###.## #
#.## #§§§........# ##.# #.#
######'###### #.# ####.#####
###8#8'8### #####.##
..#.##≈..###.......(.###...##)#
#.#.#≈≈§.##...........##....#.#
#.#.#≈§§.#'............#....#.#
#...'§...g8.....@...........'.#
###.#≈...##............#....#.#
#.#≈≈..##.[.........##....#.#
#.##≈..###....(....###...##.#
#.# #### ####8(8#### #####.##
##. ######'###### . .
#..§........# . # #≈≈§.....≈≈≈#
###≈§§§≈≈§###


You could see a goblin (wandering).

Vanquished Creatures
  2 endoplasms (D:1)
  A giant cockroach (D:1)
  2 goblins (D:1)
  2 hobgoblins (D:1)
  3 kobolds (D:1)
  A quokka (D:1)
  A rat (D:1)
12 creatures vanquished.

Notes
Turn   | Place    | Note
-------+----------+-------------------------------------------
     0 | D:1      | Infinimo the Demonspawn Gladiator began the quest for the
                  | Orb.
     0 | D:1      | Reached XP level 1. HP: 16/16 MP: 1/1
   294 | D:1      | Reached skill level 3 in Maces & Flails
   294 | D:1      | Gained mutation: Your touch may inflict minor irresistible
                  | damage on your foes. [demonic ancestry]
   294 | D:1      | Reached XP level 2. HP: 21/22 MP: 2/2
   302 | D:1      | Found Zyen's Weapon Shoppe.
   414 | D:$      | Got out of the dungeon alive.

Illustrated notes

Levels and vault maps discovered:
D:1:      dpeg_arrival_morbid_curiosity, layout_basic, serial_shops,
          nicolae_shop_bloodbath_and_beyond

Skill      XL: |  1 |
---------------+----+-----
Maces & Flails | 3 |  3.1
Fighting       | |  2.2
Throwing       | |  1.7
Dodging        | |  2.9

Action                   || total
-------------------------++-------
Melee: Flail             ||    26
       Touch             ||     3
Armor: Leather armour    ||     5
Dodge: Dodged            ||    22

Table legend: (Time is in decaauts)
 A = Elapsed time spent in this place.
 B = Non-inter-level travel time spent in this place.
 C = Inter-level travel time spent in this place.
 D = Time resting spent in this place.
 E = Time spent auto-exploring this place.
 F = Levels seen in this place.
 G = Mean time per level.
                   A        B        C        D        E       F      G
               +--------+--------+--------+--------+--------+-----+--------+
         Total |    420 |    332 |     88 |      0 |    267 |   1 |  420.0 |
       Dungeon |    420 |    332 |     88 |      0 |    267 |   1 |  420.0 |
               +--------+--------+--------+--------+--------+-----+--------+

Top non-repeatable levels by time:
     D:1: 420 daAuts
